 Dungeon Crawl Stone Soup version 0.27.1-33-g824d729ab1 (webtiles) character file.

Game seed: 1615709867697468174

88 Destapler the Magician (level 4, 0/33 HPs)
             Began as a Djinni Hedge Wizard on Dec 9, 2021.
             Was an Initiate of Ashenzari.
             Slain by an orc wizard (4 damage)
             ... on level 3 of the Dungeon.
             The game lasted 00:09:30 (3968 turns).

Destapler the Magician (Djinni Hedge Wizard)        Turns: 3968, Time: 00:09:31

Health: 0/33       AC:  3    Str:  9    XL:     4   Next: 82%
Gold:   114        EV: 12    Int: 17    God:    Ashenzari [......] SH:  0 Dex: 12

rFire    + + .     SeeInvis .   a - +0 dagger
rCold    x . .     Faith    .   (no shield)
rNeg     . . .     Spirit   .   b - +0 robe
rPois    ∞         Reflect  .   c - +0 hat
rElec    .         Harm     .   (no cloak)
rCorr    .         Rampage  .   d - +0 pair of gloves
Will     .....                  (boots unavailable)
Stlth    +.........             (no amulet)
HPRegen  0.11/turn              (no ring)
MPRegen  0.00/turn              (no ring)

@: confused, flying
A: sickness immunity, fire resistance 2, cold vulnerability 1, float, innate
caster, hp casting, extra vitality 1
a: Renounce Religion, Curse Item


You were on level 3 of the Dungeon.
You worshipped Ashenzari.
Ashenzari was noncommittal.
You visited 1 branch of the dungeon, and saw 3 of its levels.

You collected 114 gold pieces.

Inventory:

Hand Weapons
 a - a +0 dagger (weapon)
Armour
 b - a +0 robe (worn)
 c - a +0 hat (worn)
 d - a +0 pair of gloves (worn)
Magical Staves
 m - a staff of death
Scrolls
 f - 2 scrolls of teleportation
 i - a scroll of fog
 k - 2 scrolls of immolation
Potions
 e - a potion of brilliance
 h - a potion of cancellation
 l - 2 potions of heal wounds


   Skills:
 + Level 2.1 Fighting
 - Level 2.1 Dodging
 + Level 2.7 Stealth
 + Level 3.0 Spellcasting


You couldn't memorise any spells.
You knew the following spells:

 Your Spells              Type           Power      Damage    Failure   Level
a - Magic Dart            Conj           48%        1d5       4%          1
c - Mephitic Cloud        Conj/Pois/Air  12%        N/A       16%         3
f - Conjure Flame         Conj/Fire      12%        6-21      16%         3
g - Animate Skeleton      Necr           24%        N/A       4%          1
i - Call Imp              Summ           12%        N/A       8%          2
s - Slow                  Hex            12%        N/A       8%          2
B - Blink                 Tloc           N/A        N/A       8%          2
Your spell library was empty.

Dungeon Overview and Level Annotations

Branches:
Dungeon (3/15)

Altars:
Ashenzari
Okawaru


Innate Abilities, Weirdness & Mutations

You are immune to sickness and miasma.
You are immune to poison.
Your flesh is very heat resistant. (rF++)
You are vulnerable to cold. (rC-)
You float through the air rather than walking.
You learn spells naturally, not from books.
Your magical power is your life essence.
You have superior vitality. (+4 HP)


Message History

The stinking cloud engulfs the orc wizard but does no damage.
The stinking cloud engulfs the orc but does no damage.
* * * LOW HITPOINT WARNING * * *
The orc wizard is engulfed in noxious fumes.
The orc is engulfed in noxious fumes.
The orc appears confused.
The orc barely misses something.
You hit the orc wizard but do no damage.
The orc wizard is lightly wounded.
The orc wizard hits you but does no damage.
The orc is engulfed in noxious fumes.
The orc appears confused.
You hit the orc wizard.
The orc wizard is moderately wounded.
The orc is engulfed in noxious fumes.
The orc appears confused.
The orc hits something with a +0 dagger.
You hear a shout!
The orc wizard gestures at you while chanting.
You are confused.
The orc is engulfed in noxious fumes.
The orc appears confused.
You're too confused to move!
The orc wizard barely misses you.
The orc is engulfed in noxious fumes.
The orc appears confused.
You kill the orc!
The orc priest calls down the wrath of Beogh upon you.
You barely resist.
Unknown command.
You bump into the rock wall.
The orc wizard hits you with a +0 dagger.
* * * LOW HITPOINT WARNING * * *
The orc priest hits you with a +0 club.
* * * LOW HITPOINT WARNING * * *
Unknown command.
The orc wizard gestures at you while chanting.
You are more confused.
You bump into the rock wall.
The orc wizard casts a spell at you. The magic dart hits you.
* * * LOW HITPOINT WARNING * * *
The orc priest closely misses you.
You bump into the rock wall.
The orc wizard hits you with a +0 dagger.
You die...

###### ## ###.....
.# #......# .#
#.#.##.# .###
#.#.##.# ...
#.#.##@######.#
#.#.#.oo#.o...#
######.........###.#
#......#.#..)### .#
#.####.#.##.## )#
#.# #.#.##... o. #.#
#.#....... .# #.#
#.).......# ## #.#
#########.#


You could see an orc priest and an orc wizard.

Vanquished Creatures
  2 adders (D:2)
  3 dart slugs
  3 orcs (D:3)
  7 bats
  3 endoplasms (D:2)
  5 giant cockroaches
  4 goblins
  4 hobgoblins
  2 quokkas
  4 ball pythons
  7 frilled lizards
  9 kobolds
  7 rats
60 creatures vanquished.

Notes
Turn   | Place    | Note
-------+----------+-------------------------------------------
     0 | D:1      | Destapler the Djinni Hedge Wizard began the quest for the
                  | Orb.
     0 | D:1      | Reached XP level 1. HP: 15/15 MP: 0/0
   433 | D:1      | Reached XP level 2. HP: 6/22 MP: 0/0
  1082 | D:1      | Reached skill level 1 in Fighting
  1310 | D:1      | Reached XP level 3. HP: 18/27 MP: 0/0
  1310 | D:1      | Learned a level 1 spell: Animate Skeleton
  2226 | D:2      | Found an iron altar of Okawaru.
  2717 | D:2      | Reached XP level 4. HP: 23/33 MP: 0/0
  3173 | D:2      | Reached skill level 3 in Spellcasting
  3334 | D:2      | Found a faded altar of an unknown god.
  3340 | D:2      | Became a worshipper of Ashenzari the Shackled
  3968 | D:3      | Slain by an orc wizard

Illustrated notes

Levels and vault maps discovered:
D:1:      tarquinn_simple_flora_water_d, layout_basic
D:2:      layout_basic, dreamdust_ecumenical_altar_angels_and_demons,
          basic_altar
D:3:      layout_loops_ring, minmay_misc_feat_hallway

Skill      XL: |  1  2  3  4 |
---------------+-------------+-----
Stealth        | 2 |  2.7
Fighting       | 1 2 |  2.1
Spellcasting   | 3 |  3.0
Dodging        | |  2.1

Action                   |  1- 3 |  4- 6 || total
-------------------------+-------+-------++-------
Melee: Dagger            |    24 |     6 ||    30
 Cast: Magic Dart        |    99 |    43 ||   142
       Animate Skeleton  |     1 |       ||     1
       Mephitic Cloud    |       |     1 ||     1
Armor: Robe              |     9 |     5 ||    14
Dodge: Dodged            |    43 |    12 ||    55
